[Event "Titled Tuesday Blitz December 27 Late 2022"]
[White "Prieto Aranguren, Alain"]
[Black "Melikyan, Gnel"]
[WhiteFideId "2268906"]
[BlackFideId "54109990"]
[WhiteElo "2258"]
[BlackElo "2238"]
[Result "0-1"]
[Round "10"]
[TimeControl "180+2"]
[Date "2022.12.27"]
[WhiteClock "0:00:17"]
[BlackClock "0:01:17"]

1. e4 f6 2. d4 d6 3. f4 e5 4. fxe5 dxe5 5. c3 exd4 6. cxd4 Nc6 7. Nf3 Bg4 8. Bb5 Bb4+ 9. Nc3 Ne7 10. d5 a6 11. dxc6 Qxd1+ 12. Kxd1 O-O-O+ 13. Kc2 axb5 14. cxb7+ Kxb7 15. Nxb5 Nc6 16. Bf4 Ba5 17. Rac1 Rhe8 18. h3 Rxe4 19. hxg4 Rxf4 20. Rxh7 Rxg4 21. Rh2 Nb4+ 22. Kb1 Nd3 23. Rd1 Rb4 24. Rh5 g5 25. Nfd4 Nxb2 26. a3 Rxb5 0-1


[Site "https://www.chess.com"]

[Event "Titled Tuesday Blitz December 27 Late 2022"]
[White "Ptacnikova, Lenka"]
[Black "Melikhov, Evgeny V."]
[WhiteFideId "305650"]
[BlackFideId "4122046"]
[WhiteElo "2099"]
[BlackElo "2269"]
[Result "0-1"]
[Round "10"]
[TimeControl "180+2"]
[Date "2022.12.27"]
[WhiteClock "0:00:09"]
[BlackClock "0:00:37"]

1. d4 Nf6 2. Nc3 d5 3. Bf4 c5 4. dxc5 e6 5. b4 a5 6. a3 b6 7. Nb5 Na6 8. Nd6+ Bxd6 9. Bxd6 bxc5 10. bxc5 Ne4 11. Be5 f6 12. Bg3 Naxc5 13. e3 O-O 14. Nf3 a4 15. Be2 Qa5+ 16. Nd2 Nc3 17. Qc1 Nxe2 18. Kxe2 Ba6+ 19. Kd1 Rfc8 20. Qb2 e5 21. Rb1 Rab8 22. Qxb8 Rxb8 23. Rxb8+ Kf7 24. Rb4 Ne6 25. f4 exf4 26. exf4 Qc5 27. Re1 Nd4 28. Rb2 Qc3 29. Kc1 Ne2+ 30. Kb1 Qxd2 31. Rb6 Nxg3 0-1


[Site "https://www.chess.com"]

[Event "Titled Tuesday Blitz December 27 Late 2022"]
[White "Rasulov, Vugar"]
[Black "Barp, Alberto"]
[WhiteFideId "13402390"]
[BlackFideId "872555"]
[WhiteElo "2523"]
[BlackElo "2432"]
[Result "0-1"]
[Round "10"]
[TimeControl "180+2"]
[Date "2022.12.27"]
[WhiteClock "0:00:02"]
[BlackClock "0:00:05"]

1. e4 e5 2. Nf3 Nc6 3. Nc3 Nf6 4. d4 exd4 5. Nxd4 Bb4 6. Nxc6 bxc6 7. Bd3 d6 8. O-O O-O 9. h3 h6 10. Re1 Re8 11. a3 Bxc3 12. bxc3 Nd7 13. c4 c5 14. Bb2 Qg5 15. Re3 Ne5 16. Rg3 Qf4 17. Qh5 Be6 18. Bc1 Qf6 19. Bxh6 Ng4 20. Rxg4 Bxg4 21. Qxg4 Qxa1+ 22. Kh2 Qf6 23. Be3 Re6 24. f4 Rae8 25. Bf2 Rxe4 26. Bxe4 Rxe4 27. Qc8+ Kh7 28. Qxc7 Re2 29. Bg3 Qe6 30. Qd8 f6 31. Qa8 Qe4 32. Qxe4+ Rxe4 33. f5 Rxc4 34. Bxd6 Rxc2 35. Kg3 c4 36. Bb4 Rb2 37. Kf3 Rb3+ 38. Ke4 Rg3 39. Kd4 Rxg2 40. Bc5 a6 41. Kxc4 Rg3 42. Kb4 Rf3 43. h4 Rxf5 44. a4 Re5 45. Bd6 a5+ 46. Kc4 Rh5 47. Bc7 Kg6 48. Bd6 Kf7 49. Bc7 Ke6 50. Bb6 Kd7 51. Bf2 Kc6 52. Bg3 Rf5 53. Kd4 Rf3 54. Be1 Ra3 55. Ke4 Rxa4+ 56. Kf5 Ra2 57. h5 a4 58. Bb4 Rg2 59. Bf8 Kb5 60. Ke6 Kc4 61. Kf7 Kb3 62. Bxg7 f5 63. h6 Rh2 64. Kg6 f4 65. Be5 Rh4 66. Kg5 Rxh6 67. Bxf4 Rc6 68. Kf5 Rc2 0-1


[Site "https://www.chess.com"]

[Event "Titled Tuesday Blitz December 27 Late 2022"]
[White "Rego, Pedro Filipe"]
[Black "Toncheva, Nadya"]
[WhiteFideId "1904310"]
[BlackFideId "2924056"]
[WhiteElo "2312"]
[BlackElo "2295"]
[Result "1-0"]
[Round "10"]
[TimeControl "180+2"]
[Date "2022.12.27"]
[WhiteClock "0:00:17"]
[BlackClock "0:00:36"]

1. d4 d5 2. Nc3 Nf6 3. Bf4 c5 4. e3 cxd4 5. exd4 Bg4 6. f3 Bd7 7. Bd3 e6 8. Nge2 Bb4 9. a3 Be7 10. Qd2 O-O 11. g4 Nc6 12. Bg3 a6 13. h4 b5 14. h5 Ne8 15. f4 b4 16. axb4 Nxb4 17. g5 Nxd3+ 18. Qxd3 Nd6 19. Rxa6 Rxa6 20. Qxa6 Nf5 21. Bf2 Qb8 22. Kd2 Bd6 23. Be3 Rc8 24. Ra1 Nxe3 25. Kxe3 Qxb2 26. Qxd6 Qxa1 27. Qxd7 Qa6 28. h6 Qc6 29. Qxc6 Rxc6 30. hxg7 Kxg7 31. Kd3 h6 32. gxh6+ Kxh6 33. Ng3 Kg7 34. f5 Kf6 35. fxe6 fxe6 36. Nge2 Rc8 37. Na4 Ra8 38. Nc5 Ra3+ 39. c3 Ra1 40. Nf4 Re1 41. Nfxe6 Ke7 42. Nc7 Rd1+ 43. Kc2 Rh1 44. Nxd5+ Kd6 45. Nb4 Rh2+ 46. Kb3 Rh3 47. Kc4 Rg3 48. Ne4+ 1-0


[Site "https://www.chess.com"]

[Event "Titled Tuesday Blitz December 27 Late 2022"]
[White "Rengifo Blancas, Renzo Jhonathan"]
[Black "Fishbein, Alexander"]
[WhiteFideId "3807185"]
[BlackFideId "2000377"]
[WhiteElo "2131"]
[BlackElo "2366"]
[Result "1-0"]
[Round "10"]
[TimeControl "180+2"]
[Date "2022.12.27"]
[WhiteClock "0:00:14"]
[BlackClock "0:00:21"]

1. d4 Nf6 2. c4 g6 3. Nc3 d5 4. cxd5 Nxd5 5. Nf3 Bg7 6. g3 O-O 7. Bg2 c5 8. O-O cxd4 9. Nxd4 Nxc3 10. bxc3 Nc6 11. Nxc6 bxc6 12. Bxc6 Rb8 13. Bf4 Qxd1 14. Rfxd1 Rb6 15. Bf3 Bxc3 16. Rac1 Bb2 17. Rc7 Bh3 18. Rxa7 e5 19. Bh6 Rfb8 20. Bd5 Be6 21. Bxe6 Rxe6 22. Rdd7 Rf6 23. Rab7 Re8 24. Rxb2 Rf5 25. Be3 g5 26. Rb6 Kg7 27. Rdd6 h5 28. h3 g4 29. Bh6+ Kh7 30. Rf6 Rxf6 31. Rxf6 Ra8 32. hxg4 hxg4 33. Bg5 Rxa2 34. e3 Kg7 35. Rc6 Ra1+ 36. Kg2 Ra2 37. Bf6+ Kg6 38. Bxe5+ Kf5 39. Bd4 Ke4 40. Rf6 Kd3 41. Rxf7 Ke2 42. Rf4 Ke1 43. e4 Ra6 44. Rxg4 Ke2 45. Be3 Kd3 46. e5 Re6 47. Rg5 Ke4 48. Rh5 Re8 49. Bf4 Re6 50. Rh7 Rc6 51. Ra7 Kf5 52. Ra5 Ke6 53. Kf3 Rc3+ 54. Kg4 Rc2 55. Ra6+ Kd5 56. Rd6+ Kc5 57. Be3+ Kb5 58. e6 Rc4+ 59. Kf5 Rc8 60. e7 Re8 61. Ke6 Kc4 62. Kf7 Rxe7+ 63. Kxe7 Kb5 64. g4 Kc4 65. g5 Kb5 66. g6 1-0


[Site "https://www.chess.com"]

[Event "Titled Tuesday Blitz December 27 Late 2022"]
[White "Rian, Kapriaga"]
[Black "Kretchetov, Alexandre"]
[WhiteFideId "7103263"]
[BlackFideId "4124588"]
[WhiteElo "2089"]
[BlackElo "2195"]
[Result "0-1"]
[Round "10"]
[TimeControl "180+2"]
[Date "2022.12.27"]
[WhiteClock "0:00:05"]
[BlackClock "0:00:20"]

1. d4 Nf6 2. Nf3 e6 3. Bf4 d5 4. e3 Bd6 5. Ne5 O-O 6. Nd2 c5 7. c3 Qc7 8. Bd3 Nbd7 9. Ndf3 Ne4 10. O-O Ndf6 11. Nd2 b6 12. Nxe4 dxe4 13. Be2 Bb7 14. Bg3 Rad8 15. Qa4 a6 16. Rfd1 b5 17. Qc2 Nd5 18. a4 f6 19. Ng4 h5 20. Bxd6 Rxd6 21. axb5 axb5 22. dxc5 Qxc5 23. Ra5 hxg4 24. Rxb5 Qc7 25. Bxg4 f5 26. Be2 Rfd8 27. Rd4 e5 28. Rd2 Kh7 29. h3 Nxe3 30. fxe3 Rxd2 31. Qb3 Rxe2 32. Rxb7 Qc5 33. Qf7 Qxe3+ 34. Kh2 Qf4+ 35. Kh1 Rd1# 0-1


[Site "https://www.chess.com"]

[Event "Titled Tuesday Blitz December 27 Late 2022"]
[White "Rodriguez Fontecha, Marcos"]
[Black "Vaibhav Jayant Raut"]
[WhiteFideId "2256576"]
[BlackFideId "5089034"]
[WhiteElo "2309"]
[BlackElo "2237"]
[Result "0-1"]
[Round "10"]
[TimeControl "180+2"]
[Date "2022.12.27"]
[WhiteClock "0:00:03"]
[BlackClock "0:00:15"]

1. Nf3 Nf6 2. g4 Nxg4 3. e4 d6 4. Nc3 e5 5. d4 exd4 6. Nxd4 Be7 7. Rg1 h5 8. h3 Ne5 9. Rxg7 Bh4 10. Be3 Qf6 11. Rg2 Bxh3 12. Nd5 Qd8 13. Rg1 Bxf1 14. Rxf1 c6 15. Nf4 Nc4 16. Nf5 Nxe3 17. Nxe3 Bg5 18. Qf3 Nd7 19. Nf5 Ne5 20. Qe3 Qa5+ 21. c3 O-O-O 22. O-O-O Qxa2 23. Rg1 Qa1+ 24. Kc2 Qa4+ 25. Kb1 f6 26. Rd4 Qb3 27. Rxg5 fxg5 28. Ne2 Nc4 29. Qc1 Na3+ 30. Ka1 Nc2+ 31. Kb1 Nxd4 32. Nexd4 Qc4 33. Qxg5 Qd3+ 34. Ka1 Qxe4 35. Qg7 Qe5 36. Ne7+ Kd7 37. Nexc6+ Qxg7 0-1


[Site "https://www.chess.com"]

[Event "Titled Tuesday Blitz December 27 Late 2022"]
[White "Rose, Felix"]
[Black "Lutz, Igor Oscar"]
[WhiteFideId "5105722"]
[BlackFideId "2110806"]
[WhiteElo "2091"]
[BlackElo "1969"]
[Result "1-0"]
[Round "10"]
[TimeControl "180+2"]
[Date "2022.12.27"]
[WhiteClock "0:01:26"]
[BlackClock "0:00:01"]

1. d4 d5 2. Nc3 Nf6 3. Bf4 a6 4. e3 Bf5 5. f3 c5 6. g4 Bg6 7. h4 h6 8. Bd3 Bxd3 9. Qxd3 c4 10. Qd2 Qb6 11. O-O-O Nc6 12. Nge2 e6 13. g5 Nd7 14. e4 Bb4 15. exd5 exd5 16. Qe3+ Kf8 17. Nxd5 Qa5 18. Nxb4 Nxb4 19. a3 Nd5 20. Bd6+ Kg8 21. Qd2 c3 22. Nxc3 Nxc3 23. Qxc3 Qd5 24. Qc7 Nf8 25. Bxf8 Rxf8 26. f4 Kh7 27. Qe5 Qf3 28. Qf5+ g6 29. Qf6 h5 30. Rhf1 Qg3 31. f5 Qe3+ 32. Kb1 Qe8 33. Rde1 Qd7 34. fxg6+ 1-0


[Site "https://www.chess.com"]

[Event "Titled Tuesday Blitz December 27 Late 2022"]
[White "Rustemov, Alexander"]
[Black "Martinez Ramirez, Lennis"]
[WhiteFideId "4119002"]
[BlackFideId "3509079"]
[WhiteElo "2525"]
[BlackElo "2426"]
[Result "1-0"]
[Round "10"]
[TimeControl "180+2"]
[Date "2022.12.27"]
[WhiteClock "0:00:37"]
[BlackClock "0:00:01"]

1. d4 d5 2. c4 c6 3. Nc3 Nf6 4. e3 Bf5 5. cxd5 Nxd5 6. Bc4 e6 7. Nge2 Bg6 8. O-O Nd7 9. e4 Nxc3 10. Nxc3 Be7 11. Be3 Nf6 12. f3 O-O 13. Qe2 a5 14. Rfd1 b5 15. Bd3 Qb8 16. Rac1 a4 17. Qc2 Rc8 18. Ne2 c5 19. dxc5 Nd7 20. c6 Ne5 21. c7 Qb7 22. Nd4 Nxd3 23. Rxd3 Bd6 24. Rc3 b4 25. Rc6 Be5 26. Qc5 b3 27. a3 Bxd4 28. Bxd4 h6 29. Rc4 Ra6 30. Rb6 Qa8 31. Qc6 Qxc6 32. Rcxc6 Rxb6 33. Bxb6 Kf8 34. Rd6 Ke7 35. Rd8 1-0


[Site "https://www.chess.com"]

[Event "Titled Tuesday Blitz December 27 Late 2022"]
[White "Sadilek, Peter"]
[Black "Przybylski, Wojciech"]
[WhiteFideId "1616439"]
[BlackFideId "1117599"]
[WhiteElo "2314"]
[BlackElo "2321"]
[Result "1/2-1/2"]
[Round "10"]
[TimeControl "180+2"]
[Date "2022.12.27"]
[WhiteClock "0:00:06"]
[BlackClock "0:00:07"]

1. Nf3 Nf6 2. c4 c5 3. Nc3 Nc6 4. e3 e5 5. Be2 Be7 6. d4 exd4 7. exd4 O-O 8. d5 Nd4 9. Nxd4 cxd4 10. Qxd4 d6 11. O-O Re8 12. Bd3 Bg4 13. Bg5 Bh5 14. Qh4 Bg6 15. Bxg6 hxg6 16. Rfe1 Rc8 17. h3 Bf8 18. Bxf6 gxf6 19. Rxe8 Qxe8 20. Ne4 Qe7 21. Re1 Bg7 22. b3 b5 23. Re3 bxc4 24. bxc4 Qe5 25. Nc3 Qf5 26. Qe4 Qxe4 27. Nxe4 Rxc4 28. Nxd6 Rd4 29. Re8+ Kh7 30. Nxf7 Rxd5 31. Re7 a5 32. Ra7 Kg8 33. f4 Bf8 34. Kh2 Rd2 35. a4 Rd4 36. Kg3 Rxa4 37. Nd8 Ra3+ 38. Kg4 Re3 39. f5 Re4+ 40. Kf3 gxf5 41. g4 Re8 42. Nc6 fxg4+ 43. Kxg4 Re6 44. Nxa5 Re5 45. Nc6 Rg5+ 46. Kf3 Bd6 47. Rd7 Bh2 48. h4 Rg7 49. Rxg7+ Kxg7 50. Kg4 Bd6 51. Nd4 Kg6 52. Nf5 Bc5 53. h5+ Kf7 54. Nh4 Be3 55. Kf5 Bd2 56. Nf3 Bc1 57. Nd4 Be3 58. Nf3 Bc1 59. Nd4 Bd2 60. Nc6 Be3 61. Nb4 Bd2 62. Nd5 Bg5 63. Nc3 Kg7 64. Ne4 Bh4 65. Nd6 Kh6 66. Ne8 Kxh5 67. Nxf6+ 1/2-1/2


[Site "https://www.chess.com"]

[Event "Titled Tuesday Blitz December 27 Late 2022"]
[White "Sanchez, Robert"]
[Black "Bochnicka, Vladimir"]
[WhiteFideId "2034360"]
[BlackFideId "14943450"]
[WhiteElo "1966"]
[BlackElo "2327"]
[Result "0-1"]
[Round "10"]
[TimeControl "180+2"]
[Date "2022.12.27"]
[WhiteClock "0:00:24"]
[BlackClock "0:00:44"]

1. e4 c5 2. Nf3 Nc6 3. d4 cxd4 4. Nxd4 Nf6 5. Nc3 e5 6. Ndb5 d6 7. Bg5 a6 8. Bxf6 gxf6 9. Na3 b5 10. Nd5 Bg7 11. c4 f5 12. Bd3 b4 13. Nc2 f4 14. Ncxb4 Nd4 15. O-O f3 16. Nc2 Qg5 17. g3 Nxc2 18. Qxc2 O-O 19. Qc1 Qh5 20. Re1 Kh8 21. Bf1 f5 22. Ne7 f4 23. Nxc8 Raxc8 24. Kh1 Rf6 25. Qd2 Rh6 26. h4 Bf6 27. Bh3 Bxh4 28. g4 Qg5 29. Kh2 Bg3+ 30. fxg3 fxg3+ 0-1


[Site "https://www.chess.com"]

[Event "Titled Tuesday Blitz December 27 Late 2022"]
[White "Sargsyan, Anna M."]
[Black "Avila Pavas, Santiago"]
[WhiteFideId "13308130"]
[BlackFideId "4437128"]
[WhiteElo "2375"]
[BlackElo "2522"]
[Result "1-0"]
[Round "10"]
[TimeControl "180+2"]
[Date "2022.12.27"]
[WhiteClock "0:00:03"]
[BlackClock "0:00:04"]

1. e4 Nf6 2. e5 Nd5 3. d4 d6 4. exd6 cxd6 5. c4 Nb6 6. Nc3 g6 7. Be3 Bg7 8. b3 O-O 9. Rc1 e5 10. d5 Na6 11. Bd3 f5 12. f3 Nd7 13. Nge2 Nac5 14. Bb1 a5 15. O-O b6 16. a3 Na6 17. Qd2 Ndc5 18. Bc2 f4 19. Bf2 Bf5 20. Bxf5 gxf5 21. Rb1 Nd7 22. Nb5 Nf6 23. Rfe1 Rb8 24. Na7 Qe8 25. Nc6 Rb7 26. Nxf4 Bh6 27. Be3 exf4 28. Bxf4 Bxf4 29. Qxf4 Qg6 30. Qxd6 Nc5 31. Ne7+ Rxe7 32. Rxe7 Kh8 33. Qg3 Qh6 34. Kh1 Rg8 35. Qe5 Nd3 36. Qd4 Nf4 37. Rg1 Nh5 38. g4 Nf4 39. Rf7 Rg6 40. g5 Qh3 41. Qxf4 Nh5 42. Qb8+ Rg8 43. Qe5+ Ng7 44. Qg3 Qh5 45. Rf6 Ne8 46. Rxf5 Ng7 47. Rf6 Ne8 48. Re6 Ng7 49. Re7 Rf8 50. f4 Qg6 51. Qc3 Rg8 52. Rf1 Qh5 53. Rxg7 Rxg7 54. Qf3 Qh4 55. Kg2 Re7 56. h3 h5 57. Qg3 Re2+ 58. Rf2 Rxf2+ 59. Qxf2 1-0


[Site "https://www.chess.com"]

[Event "Titled Tuesday Blitz December 27 Late 2022"]
[White "Silva, Miguel Antonio Neto"]
[Black "Fernandez Hernandez, Gerardo"]
[WhiteFideId "1911929"]
[BlackFideId "2207400"]
[WhiteElo "2204"]
[BlackElo "2181"]
[Result "1-0"]
[Round "10"]
[TimeControl "180+2"]
[Date "2022.12.27"]
[WhiteClock "0:01:26"]
[BlackClock "0:00:02"]

1. e4 e6 2. d4 d5 3. Nc3 Nc6 4. Nf3 Nf6 5. e5 Ne4 6. Bd3 Bb4 7. Bd2 Nxd2 8. Qxd2 f6 9. exf6 Qxf6 10. a3 Bxc3 11. bxc3 O-O 12. Bb5 Nb8 13. O-O Bd7 14. a4 Bxb5 15. axb5 a5 16. bxa6 Nxa6 17. Ne5 Rad8 18. Rfb1 c5 19. Rxb7 cxd4 20. cxd4 Nc5 21. dxc5 Qxe5 22. Raa7 Ra8 23. Rxg7+ Qxg7 24. Rxg7+ Kxg7 25. Qg5+ Kf7 26. h4 Ra6 27. Qf4+ Ke7 28. Qc7+ Kf6 29. c6 Rfa8 30. Qf4+ Ke7 31. Qc7+ Kf6 32. g4 R8a7 33. Qd8+ Ke5 34. c7 Ra1+ 35. Kg2 Kf4 36. Qg5+ Ke4 37. c8=Q 1-0


[Site "https://www.chess.com"]

[Event "Titled Tuesday Blitz December 27 Late 2022"]
[White "Silvestre, Christian"]
[Black "Kozin, Yuri"]
[WhiteFideId "30956269"]
[BlackFideId "4129920"]
[WhiteElo "1942"]
[BlackElo "2251"]
[Result "1/2-1/2"]
[Round "10"]
[TimeControl "180+2"]
[Date "2022.12.27"]
[WhiteClock "0:00:57"]
[BlackClock "0:00:22"]

1. e4 c5 2. Nc3 e6 3. f4 Nc6 4. Nf3 a6 5. a4 Nge7 6. d3 d5 7. g4 Rb8 8. Bg2 b5 9. axb5 axb5 10. O-O b4 11. Ne2 dxe4 12. dxe4 Qxd1 13. Rxd1 Bb7 14. Be3 Ng6 15. f5 Nge5 16. Nxe5 Nxe5 17. Bf4 f6 18. fxe6 c4 19. Rd7 Bc5+ 20. Kh1 Nxd7 21. exd7+ Kxd7 22. Bxb8 Rxb8 23. Nf4 Ke7 24. Rd1 Ra8 25. Nd5+ Bxd5 26. exd5 Ra2 27. Rb1 Bd4 28. Bf1 c3 29. bxc3 Bxc3 30. Bd3 h6 31. Kg2 Kd6 32. Bh7 Ra7 33. Be4 Re7 34. Kf3 Kc5 35. h4 Kd4 36. Rd1+ Kc5 37. Bf5 Be5 38. Be6 Rc7 39. Rd2 Kd6 40. Rg2 Rc3+ 41. Ke4 Rh3 42. h5 Rc3 43. Kf5 Rc7 44. Kg6 Bf4 45. Bf7 Bg5 46. Kxg7 Ke5 47. Kg6 Rd7 48. Be6 Rd8 49. Re2+ Kf4 50. Bf5 Kf3 51. Re4 Rxd5 52. Rxb4 Rc5 53. Bd3 Ke3 54. Re4+ Kd2 55. Kf7 Kc3 56. Kg6 Re5 57. Rxe5 fxe5 58. Kf5 Kd4 59. Be4 Bd2 60. Bd3 Bg5 61. Be4 Bf4 62. Ba8 Bg5 63. c3+ Kxc3 64. Kxe5 Kc4 65. Kf5 Kd3 66. Be4+ Kd4 67. Bc6 Ke3 68. Be8 Kd4 69. Bg6 Ke3 70. Bh7 Kd4 71. Kg6 Ke3 72. Kf5 Kf3 73. Bg8 Kg3 74. Be6 Kf3 75. Kg6 Kg3 76. Bf5 Kf4 77. Kf7 Kg3 78. Ke6 Kf4 79. Kd5 Kg3 80. Kc4 Kf4 81. Kd3 Ke5 82. Ke2 Kf6 83. Kf1 Ke5 84. Kg1 Kf4 85. Kg2 Ke5 86. Kf2 Kf4 87. Kf1 Ke5 88. Ke1 Kf6 89. Kf1 Ke5 1/2-1/2


[Site "https://www.chess.com"]

[Event "Titled Tuesday Blitz December 27 Late 2022"]
[White "Talibov, Shiroghlan"]
[Black "Putnam, Liam"]
[WhiteFideId "13429078"]
[BlackFideId "30938279"]
[WhiteElo "2359"]
[BlackElo "2285"]
[Result "1-0"]
[Round "10"]
[TimeControl "180+2"]
[Date "2022.12.27"]
[WhiteClock "0:00:30"]
[BlackClock "0:00:09"]

1. e4 c5 2. Nf3 d6 3. d4 cxd4 4. Nxd4 Nf6 5. Nc3 a6 6. Bg5 Nbd7 7. Bc4 e6 8. O-O h6 9. Bh4 b5 10. Bxe6 fxe6 11. Nxe6 Qa5 12. Nd5 Bb7 13. Bxf6 Nxf6 14. Nec7+ Kf7 15. Nxa8 Bxa8 16. Nxf6 gxf6 17. Qh5+ Ke7 18. a4 Bc6 19. c4 Qb6 20. axb5 axb5 21. cxb5 Bxb5 22. Rfc1 Bd7 23. Qd5 Bg7 24. Qd3 Rb8 25. Ra6 Qb4 26. h3 Bf8 27. Rc7 Ke8 28. Raa7 Rd8 29. Qd5 Qe1+ 30. Kh2 Qxf2 31. Qh5+ Ke7 32. Qg4 f5 33. exf5 Ke8 34. Qg6+ Ke7 35. Qe6# 1-0


[Site "https://www.chess.com"]

[Event "Titled Tuesday Blitz December 27 Late 2022"]
[White "Tanenbaum, Zachary"]
[Black "Defend, Balint"]
[WhiteFideId "2060850"]
[BlackFideId "17004853"]
[WhiteElo "2261"]
[BlackElo "1673"]
[Result "1-0"]
[Round "10"]
[TimeControl "180+2"]
[Date "2022.12.27"]
[WhiteClock "0:02:11"]
[BlackClock "0:01:44"]

1. e4 c5 2. Nf3 d6 3. d4 cxd4 4. Nxd4 Nf6 5. Nc3 a6 6. Be3 e5 7. Nb3 Be7 8. h3 Be6 9. Qf3 Nc6 10. O-O-O a5 11. Nc5 Qc8 12. Nxe6 Qxe6 13. Nd5 Rc8 14. Bc4 Nb4 15. Nc7+ Rxc7 16. Bxe6 fxe6 17. Kb1 Kd7 18. Bb6 Rc4 19. Bxa5 Nxc2 20. Qb3 Rhc8 21. Rc1 Nxe4 22. Qxb7+ Ke8 23. Rxc2 1-0


[Site "https://www.chess.com"]

[Event "Titled Tuesday Blitz December 27 Late 2022"]
[White "TheKnightOfBosnia"]
[Black "Andreev, Eduard"]
[BlackFideId "14103400"]
[WhiteElo "2434"]
[BlackElo "2413"]
[Result "1-0"]
[Round "10"]
[TimeControl "180+2"]
[Date "2022.12.27"]
[WhiteClock "0:00:58"]
[BlackClock "0:00:24"]

1. e4 c6 2. d4 d5 3. Nd2 dxe4 4. Nxe4 Nf6 5. Nxf6+ exf6 6. Bc4 Na6 7. Nf3 Bg4 8. c3 Qd7 9. O-O Be7 10. Be3 O-O 11. h3 Bh5 12. Re1 Nc7 13. Bf4 Rfe8 14. Qb3 b5 15. Be2 Nd5 16. Bg3 Bd6 17. Bxd6 Qxd6 18. a4 a6 19. axb5 axb5 20. Rxa8 Rxa8 21. c4 bxc4 22. Bxc4 Rb8 23. Bxd5 cxd5 24. Qc3 h6 25. Nd2 Qb6 26. b3 Bg6 27. Re7 Qd6 28. Qe3 Kh7 29. Re8 Rb7 30. h4 h5 31. g3 Ra7 32. Rc8 Ra1+ 33. Kh2 Qb4 34. Qe8 Kh6 35. Qh8+ Bh7 36. Rg8 Kg6 37. Qxg7+ Kf5 38. Qxh7+ Ke6 39. Re8+ Kd7 40. Qxf7+ Kc6 41. Qe6+ Kb7 42. Qd7+ Ka6 43. Ra8+ Kb6 44. Rb8+ Ka6 45. Rxb4 1-0


[Site "https://www.chess.com"]

[Event "Titled Tuesday Blitz December 27 Late 2022"]
[White "Theodorou, Nikolas"]
[Black "Beerdsen, Thomas"]
[WhiteFideId "4262875"]
[BlackFideId "1030108"]
[WhiteElo "2591"]
[BlackElo "2507"]
[Result "1/2-1/2"]
[Round "10"]
[TimeControl "180+2"]
[Date "2022.12.27"]
[WhiteClock "0:00:06"]
[BlackClock "0:00:16"]

1. d4 d5 2. c4 Nc6 3. Nf3 Bg4 4. cxd5 Bxf3 5. gxf3 Qxd5 6. e3 e5 7. Nc3 Bb4 8. Bd2 Bxc3 9. bxc3 Qd6 10. Rb1 O-O-O 11. Qb3 b6 12. Qa4 Nge7 13. Bg2 exd4 14. cxd4 Nf5 15. f4 Ncxd4 16. exd4 Rhe8+ 17. Kf1 Nxd4 18. Be3 Kb8 19. Qa6 c6 20. Rxb6+ axb6 21. Qxb6+ Kc8 22. Bxd4 Re6 23. Bh3 Qxd4 24. Bxe6+ fxe6 25. Qxc6+ Kb8 26. Kg2 Qd5+ 27. Qxd5 exd5 28. Rc1 d4 29. Kf3 Kb7 30. Ke4 d3 31. Rd1 d2 32. Ke3 Re8+ 33. Kf3 Rd8 34. Ke3 Re8+ 35. Kxd2 Re4 36. Rg1 g6 37. f5 gxf5 38. Rg7+ Kc6 39. Rxh7 Ra4 40. h4 Kd5 41. Ke3 Ke5 42. h5 Ra3+ 43. Ke2 Rxa2+ 44. Kf3 Ra3+ 45. Kg2 Kf6 46. Rh8 Kg5 47. f3 Ra2+ 48. Kg3 f4+ 49. Kh3 Rf2 50. Rg8+ Kxh5 51. Rh8+ Kg5 52. Rg8+ Kf5 53. Rf8+ Kg5 54. Rg8+ Kh6 55. Rh8+ Kg7 56. Rh4 Rxf3+ 57. Kg4 Rf1 58. Rh5 Kg6 59. Rg5+ Kh6 60. Rf5 Kg6 61. Rxf4 Rg1+ 62. Kf3 Kg5 63. Re4 Kf5 64. Rf4+ Ke5 65. Rg4 Rf1+ 66. Kg2 Ra1 67. Rb4 1/2-1/2


[Site "https://www.chess.com"]

[Event "Titled Tuesday Blitz December 27 Late 2022"]
[White "Tomaszewski, Kacper"]
[Black "Oro, Faustino"]
[WhiteFideId "1127373"]
[BlackFideId "20000197"]
[WhiteElo "2313"]
[BlackElo "2269"]
[Result "1-0"]
[Round "10"]
[TimeControl "180+2"]
[Date "2022.12.27"]
[WhiteClock "0:00:51"]
[BlackClock "0:00:13"]

1. d4 Nf6 2. c4 e6 3. Nc3 d5 4. Bf4 c6 5. e3 Be7 6. Qc2 O-O 7. Nf3 dxc4 8. Bxc4 b5 9. Bd3 Bb7 10. g4 c5 11. g5 Bxf3 12. gxf6 Bxf6 13. Rg1 g6 14. Ne4 Bg7 15. Nxc5 Nc6 16. Be4 Bxe4 17. Qxe4 Qa5+ 18. Kf1 Rac8 19. Bd6 Rfd8 20. Nb7 Qa6 21. Nxd8 Rxd8 22. Bc5 Na5 23. Kg2 Rd5 24. Kh1 h5 25. Rac1 Nb7 26. a3 Qa4 27. Bb4 Kh7 28. Rc7 Nd8 29. Be7 Kg8 30. Bxd8 Rxd8 31. Rxf7 Kxf7 32. Qxg6+ Ke7 33. Qxg7+ Kd6 34. Qe5+ Kc6 35. Rc1+ Kb6 36. Qc7+ 1-0


[Site "https://www.chess.com"]

[Event "Titled Tuesday Blitz December 27 Late 2022"]
[White "Torres Dominguez, David"]
[Black "Quinones Garcia, Santiago"]
[WhiteFideId "2220857"]
[BlackFideId "4408497"]
[WhiteElo "1994"]
[BlackElo "2248"]
[Result "0-1"]
[Round "10"]
[TimeControl "180+2"]
[Date "2022.12.27"]
[WhiteClock "0:00:09"]
[BlackClock "0:00:57"]

1. e4 e5 2. Bc4 Nf6 3. Nc3 Nc6 4. d3 Be7 5. f4 d6 6. Nf3 O-O 7. a3 exf4 8. Bxf4 Be6 9. Bxe6 fxe6 10. Qd2 e5 11. Bg5 Ng4 12. Bxe7 Qxe7 13. O-O Nd8 14. Nd5 Qd7 15. Nh4 Rxf1+ 16. Rxf1 c6 17. Ne3 Nxe3 18. Qxe3 Ne6 19. Nf5 Rf8 20. c3 g6 21. Nh6+ Kg7 22. Rxf8 Nxf8 23. g4 Ne6 24. g5 Nf4 25. h4 a5 26. Kh2 b5 27. Qg3 a4 28. d4 c5 29. d5 b4 30. Ng4 bxa3 31. bxa3 Qb7 32. Nf6 Qb2+ 33. Kh1 Qc1+ 34. Kh2 Qd2+ 35. Kh1 Qd1+ 36. Kh2 Qe2+ 37. Kg1 Qd1+ 38. Kh2 Qc2+ 39. Kh1 Qc1+ 40. Kh2 Qxa3 41. Ne8+ Kf8 42. Nxd6 Qb2+ 43. Kh1 Qc1+ 44. Kh2 Qd2+ 45. Kh1 a3 46. Qg4 Qe1+ 47. Kh2 Qe2+ 48. Qxe2 Nxe2 49. h5 a2 50. Nc4 a1=Q 51. hxg6 Qg1+ 0-1


[Site "https://www.chess.com"]

[Event "Titled Tuesday Blitz December 27 Late 2022"]
[White "Vakhlamov, Igor L."]
[Black "Makarian, Rudik"]
[WhiteFideId "24126748"]
[BlackFideId "44105681"]
[WhiteElo "2413"]
[BlackElo "2545"]
[Result "0-1"]
[Round "10"]
[TimeControl "180+2"]
[Date "2022.12.27"]
[WhiteClock "0:00:08"]
[BlackClock "0:00:10"]

1. e4 d6 2. d4 Nf6 3. Nc3 e5 4. dxe5 dxe5 5. Qxd8+ Kxd8 6. Bg5 Nd7 7. Nf3 Bd6 8. Nd2 h6 9. Bh4 Bb4 10. O-O-O Bxc3 11. bxc3 g5 12. Bg3 Nh5 13. Nc4 Nxg3 14. hxg3 Ke7 15. Ne3 Nf6 16. f3 c6 17. Bc4 a5 18. a3 b5 19. Bb3 h5 20. Kb2 Be6 21. Bxe6 fxe6 22. c4 h4 23. gxh4 gxh4 24. cxb5 cxb5 25. Rh2 Rh7 26. Rdh1 Rah8 27. c4 bxc4 28. Nxc4 Nd7 29. Nxa5 Kf6 30. Nc4 Nc5 31. Ne3 Nd3+ 32. Kc3 Nf4 33. Ng4+ Kg5 34. Nxe5 Rc7+ 35. Kb2 Rb8+ 36. Ka2 Rc3 37. Nf7+ Kf6 38. Rxh4 Nd3 39. Rb1 Ra8 40. Rb7 Raxa3+ 41. Kb1 Rc1# 0-1


[Site "https://www.chess.com"]

[Event "Titled Tuesday Blitz December 27 Late 2022"]
[White "Vargas, Mauricio"]
[Black "Bouget, Alexandre"]
[WhiteFideId "4404572"]
[BlackFideId "681318"]
[WhiteElo "2035"]
[BlackElo "2267"]
[Result "0-1"]
[Round "10"]
[TimeControl "180+2"]
[Date "2022.12.27"]
[WhiteClock "0:01:35"]
[BlackClock "0:01:23"]

1. e4 e6 2. f4 d5 3. e5 c5 4. Nf3 Nc6 5. Bb5 Bd7 6. Bxc6 Bxc6 7. O-O Ne7 8. d3 h5 9. h3 h4 10. b3 Nf5 11. Qe1 d4 12. Nbd2 Ne3 13. Ne4 Nxc2 14. Qd1 Nxa1 15. Bb2 Bxe4 16. dxe4 Nxb3 17. Qxb3 Qb6 18. Qc2 d3 19. Qxd3 Qxb2 20. Rb1 c4 21. Qd1 Bc5+ 22. Kh1 Qxa2 23. Rxb7 O-O 24. Ng5 Rad8 25. Qh5 Qa1+ 26. Kh2 Qg1# 0-1


[Site "https://www.chess.com"]